 Dungeon Crawl Stone Soup version 0.18.1-48-g4cf74bf (webtiles) character file.

76154 Gartch4 the Grappler (level 15, -6/145 HPs)
             Began as a Troll Air Elementalist on Aug 19, 2016.
             Was a High Priest of Okawaru.
             Mangled by a redback (15 damage)
             ... on level 1 of the Spider Nest on Aug 20, 2016.
             The game lasted 05:50:26 (32873 turns).

Gartch4 the Grappler (Troll Air Elementalist)      Turns: 32873, Time: 05:50:27

Health: -6/145     AC: 10    Str: 20    XL:     15   Next: 11%
Magic:  17/20      EV: 14    Int: 16    God:    Okawaru [*****.]
Gold:   1431       SH: 14    Dex: 10    Spells: 6 memorised, 9 levels left

rFire  . . .     SeeInvis +       - Unarmed
rCold  . . .     Gourm    +     i - +2 robe {MR+}
rNeg   . . .     Faith    .     J - +3 shield
rPois  .         Spirit   .     (helmet restricted)
rElec  .         Dismiss  .     U - +2 cloak {MR+}
rCorr  .         Reflect  .     (gloves unavailable)
SustAt .         Harm     .     (boots unavailable)
MR     +++..                    (no amulet)
Stlth  +.........               C - ring of see invisible
                                j - +2 ring of evasion

@: lethally poisoned (-6 -> -6), about to teleport, repel missiles, extremely
resistant to hostile enchantments, very unstealthy
A: unfitting armour, claws 3, fast metabolism 3, gourmand, regeneration 2,
shaggy fur 1, tough skin 2
a: Heroism, Finesse, Renounce Religion


You were on level 1 of the Spider Nest.
You worshipped Okawaru.
Okawaru was extremely pleased with you.
You were not hungry.

You visited 6 branches of the dungeon, and saw 27 of its levels.
You visited 1 bazaar.
You also visited: Bailey and Volcano.

You collected 2187 gold pieces.
You spent 756 gold pieces at shops.

Inventory:

Missiles
 s - 2 exploding tomahawks
 G - 9 large rocks (quivered)
 T - 8 javelins of penetration
Armour
 i - a +2 robe of magic resistance (worn)
 J - a +3 shield (worn)
 U - a +2 cloak of magic resistance (worn)
Jewellery
 f - a +2 ring of intelligence
 j - a +2 ring of evasion (left claw)
 C - a ring of see invisible (right claw)
 H - an uncursed ring of protection from magic
Wands
 b - a wand of teleportation (4/9)
 c - a wand of heal wounds (0/9)
 d - a wand of flame (28/48)
 w - a wand of hasting (7/9)
 y - a wand of paralysis (17/24)
 F - a wand of polymorph (8/24)
 M - a wand of acid (5/15)
 N - a wand of flame (24/48)
 Q - a wand of iceblast (12/15)
 S - a wand of enslavement (17/24)
 W - a wand of flame (14/48)
 Z - a wand of heal wounds (4/9)
Scrolls
 h - a scroll of magic mapping
 m - 13 scrolls of remove curse
 n - a scroll of amnesia
 q - 3 scrolls of fear
 r - 2 scrolls of recharging
 t - 2 scrolls of holy word
 B - 2 scrolls of teleportation
 E - 6 scrolls of identify
 I - a scroll of silence {unknown}
 L - 3 scrolls of blinking
Potions
 a - 4 potions of berserk rage
 e - 2 potions of brilliance
 g - 3 potions of curing
 l - a potion of resistance
 p - a potion of invisibility
 u - 3 potions of flight
 v - 2 potions of haste
 x - a potion of agility
 z - a potion of beneficial mutation {unknown}
 K - 2 potions of ambrosia
 P - a potion of might
 Y - 2 potions of magic
Miscellaneous
 D - a disc of storms
Comestibles
 k - a bread ration
 o - 8 slices of pizza
 A - 13 royal jellies
 O - 16 fruits


   Skills:
 + Level 8.7 Fighting
 - Level 8.0 Dodging
 - Level 1.1 Stealth
 - Level 10.0 Shields
 - Level 14.0 Unarmed Combat
 - Level 4.0 Spellcasting
 - Level 0.6 Conjurations
 - Level 5.0 Translocations
 - Level 2.0 Air Magic
 - Level 3.0 Poison Magic
 - Level 8.0 Invocations
 - Level 5.0 Evocations


You had 9 spell levels left.
You knew the following spells:

 Your Spells              Type           Power        Failure   Level  Hunger
a - Shock                 Conj/Air       #...         12%         1    None
b - Repel Missiles        Chrm/Air       #.....       17%         2    ##.....
c - Swiftness             Chrm/Air       #.......     17%         2    ##.....
d - Blink                 Tloc           N/A          3%          2    ##.....
e - Passage of Golubria   Tloc           N/A          21%         4    ####...
f - Cure Poison           Pois           ##........   10%         2    ##.....


Dungeon Overview and Level Annotations

Branches:
Dungeon (14/15)            Temple (1/1) D:4            Lair (8/8) D:11
  Swamp (1/4) Lair:5       Spider (1/4) Lair:6        Slime (0/6) Lair:6
    Orc (2/2) D:12            Elf (0/3) Orc:2
 Vaults: D:13-14

Altars:
Ashenzari
Cheibriados
Dithmenos
Elyvilon
Fedhas
Gozag
Kikubaaqudgha
Makhleb
Nemelex Xobeh
Okawaru
Pakellas
Qazlal
Ru
Sif Muna
Trog
Vehumet
Xom
Yredelemnul
Zin
The Shining One

Shops:
D:5 %   D:7 }   D:9 ?   D:10 (   D:11 :   D:13 ?

Annotations:
D:1 exclusion: downstairs
D:3 exclusion: 2 downstairs
D:7 exclusion: downstairs
D:8 Pikel
D:10 exclusion: downstairs
D:11 exclusion: 2 hydras
D:14 1 exclusion
Lair:1 exclusions: 2 downstairs and 1 more exclusion
Lair:2 exclusions: hydra and 1 more exclusion, Maud
Lair:3 exclusions: downstairs, 4 hydras and upstairs
Lair:4 exclusions: downstairs and 1 more exclusion
Lair:5 exclusions: downstairs, hydra, upstairs and 2 more exclusions
Lair:6 top food stash, exclusion: downstairs
Lair:7 exclusion: 2 downstairs
Lair:8 exclusions: Nessos and 2 more exclusions, Rupert
Swamp:1 Elystan's ghost, adept FoEE
Spider:1 exclusion: entropy weaver
Orc:1 exclusion: 3 downstairs
Orc:2 Joat's ghost, journeyman DrTm


Innate Abilities, Weirdness & Mutations

You are too large for most types of armour.
You have claws for hands.
Your metabolism is lightning-fast.
You like to eat raw meat.
You heal very quickly.
You are covered in fur (AC +1).
You have very tough skin (AC +2).


Message History

You scratch the redback but do no damage.
* * * LOW HITPOINT WARNING * * *
You feel sick. The redback bites you!
* * * LOW HITPOINT WARNING * * *
You feel much better.
* * * LOW HITPOINT WARNING * * *
You feel very sick. You block the redback's attack. The redback bites you!
* * * LOW HITPOINT WARNING * * *
Casting: Cure Poison
Confirm with . or Enter, or press ? or * to list all spells.
The poison in your system diminishes.
You feel sick. The redback barely misses you.
Zapping:
c - a wand of heal wounds {zapped: 5} (will waste charges)
Press: ? - help, Shift-Dir - straight line, f - you Nothing appears to happen.
You feel sick. The redback closely misses you. You block the redback's attack.
As you read the scroll of teleportation, it crumbles to dust.
You feel strangely unstable.
You feel sick. The redback bites you!
You die...

###....##
##.##....###
#...#......###
#............##
##..#....#.....#
##..^###.####...#
# #...## ###
##.## ## #.†##
######. ##s@##
#.... ##....#
###.... #....##
#...≈≈. ##....#
###..#≈≈#
#.....##
##....≈#≈#
#......#
##....≈≈#≈≈
####...#
##.....≈≈≈≈≈
#..##
#.....≈≈#≈≈# #.[#
#.....≈≈≈≈≈#


You could see a redback.

Vanquished Creatures
  Nessos (Lair:8)
  Josephine (D:14)
  2 catoblepae
  A queen ant (Lair:8)
  4 death yaks
  A tengu warrior (D:14)
  Urug (D:11)
  The ghost of ThereIsNoGod the Cleaver, a novice MiGl of Makhleb (D:9)
  A hill giant (D:13)
  7 wolf spiders
  An orc knight (Orc:1)
  2 orb spiders (Spider:1)
  12 ugly things
  An orc sorcerer (Volcano)
  3 deep elf magi
  2 griffons
  An oklob plant (D:9)
  2 cyclopes (D:14)
  3 hornets
  18 elephants
  A moth of wrath (Spider:1)
  A guardian serpent (shapeshifter) (D:12)
  6 black mambas
  Psyche (D:11)
  2 guardian serpents (D:13)
  2 torpor snails
  8 spiny frogs
  A centaur skeleton (D:14)
  3 rime drakes
  12 komodo dragons
  A freezing wraith (D:14)
  3 jumping spiders (Spider:1)
  The ghost of Heedrag the Chopper, an amateur MiFi (D:5)
  4 polar bears (Lair:8)
  11 blink frogs
  A giant leech (Swamp:1)
  5 trolls
  A two-headed ogre (D:12)
  A wind drake (shapeshifter) (D:14)
  8 redbacks
  Sigmund (D:2)
  3 spriggans (Lair:8)
  4 tarantellas (Spider:1)
  2 shadows (D:12)
  4 wyverns
  7 wraiths
  6 basilisks
  28 yaks
  A hog (D:14)
  11 hippogriffs
  A warg (Orc:1)
  2 hungry ghosts
  6 vampire mosquitoes
  A steam dragon (D:12)
  2 swamp worms (Swamp:1)
  4 insubstantial wisps (Swamp:1)
  8 soldier ants
  15 water moccasins
  11 porcupines
  2 ice beasts
  2 phantoms
  4 black bears
  23 orc warriors
  6 sky beasts
  3 slaves (D:8)
  14 centaurs
  An eye of draining (D:11)
  5 ogres
  3 wasps
  15 wolves
  13 crocodiles
  A big kobold (D:8)
  24 giant frogs
  A wyvern skeleton (D:13)
  6 scorpions
  18 killer bees
  4 wights (D:4)
  4 electric eels
  3 howler monkeys
  9 crimson imps
  3 centaur zombies
  A giant frog zombie (D:5)
  2 quasits
  6 hounds
  8 jellies
  20 orc priests
  Jessica (D:2)
  7 iguanas
  26 orc wizards
  40 worker ants
  A killer bee zombie (D:8)
  19 sheep
  2 hound zombies
  A hound skeleton (D:4)
  2 worker ant zombies
  Robin (D:3)
  3 gnolls (D:4)
  13 adders
  64 river rats
  3 shadow imps
  7 oozes
  2 adder skeletons
  3 worms
  3 dart slugs
  4 giant geckos
  85 orcs
  4 giant cockroaches
  11 goblins
  10 hobgoblins
  2 jackals (D:3)
  12 kobolds
  4 quokkas
  9 bats
  A giant gecko skeleton (D:5)
  4 giant newts
  A jackal skeleton (D:6)
  A jackal zombie (D:5)
  A quokka skeleton (D:4)
  7 rats
  A bush (D:9)
  2 plants
813 creatures vanquished.

Vanquished Creatures (others)
  An orc warrior (Orc:2)
  A bush (Lair:8)
  95 fungi
  30 plants
127 creatures vanquished.

Grand Total: 940 creatures vanquished

Notes
Turn   | Place    | Note
--------------------------------------------------------------
     0 | D:1      | Gartch4 the Troll Air Elementalist began the quest for the Orb.
     0 | D:1      | Reached XP level 1. HP: 16/16 MP: 1/1
    21 | D:1      | Reached skill level 1 in Unarmed Combat
   242 | D:1      | Reached XP level 2. HP: 24/24 MP: 2/2
   340 | D:1      | Reached skill level 2 in Unarmed Combat
   920 | D:1      | Reached XP level 3. HP: 31/31 MP: 3/3
  1065 | D:2      | Reached skill level 3 in Unarmed Combat
  1155 | D:2      | Noticed Sigmund
  1281 | D:2      | Noticed Robin
  1526 | D:2      | Reached XP level 4. HP: 39/39 MP: 4/4
  1558 | D:2      | Noticed Jessica
  2013 | D:3      | Reached skill level 4 in Unarmed Combat
  2141 | D:3      | Learned a level 2 spell: Repel Missiles
  2144 | D:3      | Learned a level 2 spell: Swiftness
  2384 | D:3      | Killed Robin
  2668 | D:3      | Reached XP level 5. HP: 42/45 MP: 5/5
  3027 | D:2      | Reached skill level 5 in Unarmed Combat
  3267 | D:4      | Reached XP level 6. HP: 43/53 MP: 6/6
  3435 | D:4      | Reached skill level 6 in Unarmed Combat
  3637 | D:4      | Found a staircase to the Ecumenical Temple.
  3758 | Temple   | Entered the Ecumenical Temple
  3980 | D:4      | Reached skill level 7 in Unarmed Combat
  4140 | D:4      | Reached XP level 7. HP: 39/59 MP: 7/7
  4280 | D:5      | Entered Level 5 of the Dungeon
  4372 | D:5      | Reached skill level 8 in Unarmed Combat
  4548 | D:5      | Found Daply's Food Boutique.
  4583 | D:5      | Found an ancient bone altar of Kikubaaqudgha.
  4794 | D:5      | Noticed Heedrag's ghost (amateur MiFi)
  5103 | D:4      | Reached skill level 9 in Unarmed Combat
  5206 | D:4      | Reached XP level 8. HP: 39/67 MP: 8/8
  5700 | D:6      | Reached skill level 10 in Unarmed Combat
  6268 | D:7      | Learned a level 2 spell: Blink
  6430 | D:7      | Found Lusasuf's Gadget Shoppe.
  6524 | D:7      | Reached skill level 11 in Unarmed Combat
  6944 | D:8      | Reached XP level 9. HP: 46/74 MP: 9/9
  7039 | D:8      | Noticed Pikel
  7099 | D:8      | Found a flagged portal.
  7196 | Bailey   | Entered a bailey
  7471 | Bailey   | Noticed an orc knight
  7471 | Bailey   | Noticed an orc knight
  7498 | Bailey   | Reached skill level 12 in Unarmed Combat
  7646 | Bailey   | Got a steaming flail
  8937 | D:8      | Reached skill level 13 in Unarmed Combat
  9316 | D:9      | Found a basalt altar of Yredelemnul.
  9323 | D:9      | Found a radiant altar of Vehumet.
  9330 | D:9      | Found a glowing golden altar of the Shining One.
  9337 | D:9      | Found a bloodstained altar of Trog.
  9344 | D:9      | Found an iron altar of Okawaru.
  9348 | D:9      | Became a worshipper of Warmaster Okawaru
  9354 | D:9      | Found an oddly glowing altar of Pakellas.
  9359 | D:9      | Found a sparkling altar of Nemelex Xobeh.
  9415 | D:9      | Noticed a troll
  9555 | D:9      | Found Keyffuet's Magic Scroll Shop.
  9558 | D:9      | Bought a scroll of blinking for 112 gold pieces
  9592 | D:9      | Noticed ThereIsNoGod's ghost (novice MiGl)
 10272 | D:9      | Found a blossoming altar of Fedhas.
 10391 | D:9      | Noticed an oklob plant
 10529 | D:10     | Entered Level 10 of the Dungeon
 10576 | D:10     | Reached * piety under Okawaru
 10687 | D:10     | Reached XP level 10. HP: 76/81 MP: 10/10
 10704 | D:10     | Found Ceecloi's Antique Weapon Boutique.
 11405 | D:11     | Found a deep blue altar of Sif Muna.
 11405 | D:11     | Noticed Psyche
 12276 | D:10     | Reached skill level 14 in Unarmed Combat
 12380 | D:11     | Noticed Urug
 12478 | D:11     | Reached ** piety under Okawaru
 12535 | D:11     | Reached skill level 5 in Invocations
 12561 | D:11     | Noticed a five-headed hydra
 12969 | D:11     | Found a staircase to the Lair.
 12984 | Lair:1   | Entered Level 1 of the Lair of Beasts
 13022 | Lair:1   | Noticed a spiny frog
 13140 | Lair:1   | Killed a spiny frog
 13269 | Lair:1   | Noticed a centaur warrior
 13394 | Lair:2   | Reached *** piety under Okawaru
 13611 | Lair:2   | Reached XP level 11. HP: 88/88 MP: 12/15
 13641 | Lair:2   | Reached skill level 1 in Fighting
 14069 | Lair:1   | Reached skill level 1 in Shields
 14174 | Lair:1   | Reached **** piety under Okawaru
 15211 | Lair:2   | Noticed a seven-headed hydra
 15406 | Lair:3   | Noticed a six-headed hydra
 15516 | Lair:4   | Noticed a seven-headed hydra
 15791 | Lair:4   | Reached skill level 5 in Shields
 16118 | Lair:4   | Reached ***** piety under Okawaru
 16262 | Lair:3   | Reached XP level 12. HP: 95/105 MP: 10/17
 16440 | Lair:3   | Noticed Maud
 16844 | Lair:2   | HP: 5/105 [elephant (19)]
 17108 | Lair:2   | Identified the +7 flail of Miest {drain, Str+2} (You found it in a bailey)
 18354 | Lair:3   | Noticed a six-headed hydra
 18393 | Lair:3   | Noticed a seven-headed hydra
 19058 | Lair:4   | Noticed an eight-headed hydra
 19305 | Lair:5   | Found a dark tunnel.
 19310 | Volcano  | Entered a volcano
 19630 | Lair:5   | Found a staircase to the Swamp.
 19663 | Lair:5   | Noticed a catoblepas
 19673 | Lair:5   | Killed a catoblepas
 19800 | Lair:5   | Reached skill level 5 in Fighting
 19819 | Lair:5   | Identified a scroll of acquirement
 20108 | Lair:5   | Noticed a five-headed hydra
 20291 | Lair:5   | Reached skill level 1 in Evocations
 20291 | Lair:5   | Reached XP level 13. HP: 118/118 MP: 18/18
 20537 | Lair:6   | Found a hole to the Spider Nest.
 20563 | Lair:6   | Reached skill level 10 in Shields
 20916 | Lair:6   | Reached skill level 5 in Dodging
 20940 | Lair:6   | Found a staircase to the Slime Pits.
 22310 | Lair:7   | Reached skill level 5 in Evocations
 22788 | Lair:8   | Entered Level 8 of the Lair of Beasts
 22804 | Lair:8   | Noticed Nessos
 23087 | Lair:8   | Reached skill level 1 in Translocations
 23567 | Lair:8   | Noticed Rupert
 23834 | Lair:8   | Killed Nessos
 23834 | Lair:8   | Reached XP level 14. HP: 110/130 MP: 12/19
 24337 | D:11     | Killed Urug
 24337 | D:11     | Received a gift from Okawaru
 24527 | D:11     | Found Jokin's Book Shop.
 24597 | D:11     | Killed Psyche
 24744 | D:11     | Reached skill level 5 in Translocations
 24752 | D:11     | Learned a level 4 spell: Passage of Golubria
 24832 | D:9      | Killed ThereIsNoGod's ghost
 24993 | D:5      | Killed Heedrag's ghost
 25117 | D:2      | Killed Jessica
 25172 | D:2      | Killed Sigmund
 26662 | D:12     | Found a staircase to the Orcish Mines.
 26852 | Orc:1    | Entered Level 1 of the Orcish Mines
 27612 | Orc:2    | Entered Level 2 of the Orcish Mines
 27612 | Orc:2    | Noticed Joat's ghost (journeyman DrTm)
 27638 | Orc:2    | Found a staircase to the Elven Halls.
 29307 | D:13     | Found Ruwopec's Magic Scroll Shoppe.
 29311 | D:13     | Bought a scroll of teleportation for 42 gold pieces
 29311 | D:13     | Bought a scroll of teleportation for 42 gold pieces
 29405 | D:13     | Found a flickering gateway to a bazaar.
 29587 | Bazaar   | Entered a bazaar
 29590 | Bazaar   | Found Wualigesch's Antique Weapon Shoppe.
 29600 | Bazaar   | Found Keedium's Antique Armour Shop.
 29624 | Bazaar   | Found Askeohaj's Armour Boutique.
 29625 | Bazaar   | Found Zoplil's Armour Emporium.
 29638 | Bazaar   | Found Fageyx's Weapon Boutique.
 29711 | D:13     | Paralysed by a hornet for 2 turns
 30749 | D:14     | Noticed Josephine
 30761 | D:14     | Killed Josephine
 31345 | D:11     | Bought a Young Poisoner's Handbook for 560 gold pieces
 31348 | D:11     | Learned a level 2 spell: Cure Poison
 31559 | Swamp:1  | Entered Level 1 of the Swamp
 31657 | Swamp:1  | Reached skill level 1 in Poison Magic
 31790 | Swamp:1  | Noticed Elystan's ghost (adept FoEE)
 32051 | Spider:1 | Entered Level 1 of the Spider Nest
 32191 | Spider:1 | Reached XP level 15. HP: 122/143 MP: 20/20
 32869 | Spider:1 | HP: 7/145 [redback (10)]
 32873 | Spider:1 | Mangled by a redback

Skill      XL: |  1  2  3  4  5  6  7  8  9 10 11 12 13 14 15 |
---------------+----------------------------------------------+-----
Unarmed Combat | 1 2 3 4 5 7 9 11 13 14 | 14.0
Invocations    | 2 7 8 |  8.0
Fighting       | 3 5 6 8 |  8.7
Dodging        | 3 4 6 8 |  8.0
Shields        | 7 9 10 | 10.0
Evocations     | 1 5 |  5.0
Spellcasting   | 2 4 |  4.0
Translocations | 4 5 |  5.0
Poison Magic   | 2 3 |  3.0
Stealth        | |  1.1
Conjurations   | |  0.6
Air Magic      | |  2.0

Action                   |  1- 3 |  4- 6 |  7- 9 | 10-12 | 13-15 || total
-------------------------+-------+-------+-------+-------+-------++-------
Melee: Unarmed           |   105 |   178 |   441 |   840 |  1469 ||  3033
       Punch             |       |     1 |    21 |    39 |       ||    61
Throw: Stone             |       |     1 |       |       |       ||     1
       Javelin           |       |       |     1 |     5 |       ||     6
       Large rock        |       |       |       |    14 |    22 ||    36
 Cast: Shock             |     3 |     9 |    27 |    18 |     5 ||    62
       Repel Missiles    |       |     1 |     2 |     4 |    11 ||    18
       Swiftness         |       |       |     1 |     6 |     1 ||     8
       Blink             |       |       |       |     1 |       ||     1
       Cure Poison       |       |       |       |       |     2 ||     2
Invok: Heroism           |       |       |       |    36 |    59 ||    95
       Finesse           |       |       |       |     7 |    11 ||    18
Evoke: Wand              |       |       |     1 |     5 |     2 ||     8
  Use: Scroll            |       |       |    10 |    25 |    12 ||    47
       Potion            |       |       |       |     4 |     4 ||     8
 Stab: Sleeping          |     1 |     2 |     1 |     6 |     3 ||    13
       Distracted        |       |       |       |     1 |       ||     1
       Petrified         |       |       |       |       |     1 ||     1
  Eat: Chunk             |    18 |    26 |    59 |    95 |   113 ||   311
       Fruit             |       |       |       |       |     6 ||     6
Armor: Robe              |    25 |    37 |   120 |   144 |   159 ||   485
       Skin              |       |       |       |     4 |       ||     4
Dodge: Dodged            |    42 |    70 |   169 |   291 |   438 ||  1010
       Deflected         |       |     2 |     5 |     6 |    17 ||    30
Block: Shield            |       |       |       |    75 |   769 ||   844
